Map: Heavy Artillery LE

Players

GevatterTod - Winner!

  • Race: Zerg Zerg
  • Spawn Location: 3:00

Pestilenz - Winner!

  • Race: Protoss Protoss
  • Spawn Location: 1:00

qqq

  • Race: Zerg Zerg
  • Spawn Location: 7:00

Massa

  • Race: Terran Terran
  • League: Platinum
  • Spawn Location: 7:00

VOD

Have the link to the VOD?

Description

Time

  • Played on: Nov. 6, 2020, 5:15 p.m.
  • Length: 18:11
Show
View Real Time Build Order
Export as new Build Order

GevatterTod Zerg - Winner!

Build Orders: Hatch First 

Get SALT Encoding   

  12  0:01  Drone  
  13  0:12  Overlord  
  13  0:17  Drone  
  14  0:31  Drone x2  
  16  0:48  Hatchery  
  15  0:51  Drone  
  15  0:55  Drone  
  17  0:59  Drone  
  18  1:10  Extractor  
  17  1:14  Spawning Pool  
  17  1:18  Drone  
  17  1:21  Drone  
  18  1:28  Drone  
  19  1:40  Overlord  
  19  1:50  Drone  
  20  2:02  Zergling x4  
  20  2:03  Queen x2  
  26  2:12  Drone x2  
  26  2:13  Metabolic Boost  
  28  2:24  Drone x2  
  30  2:40  Overlord  
  30  2:41  Hatchery  
  29  2:55  Drone x5  
  34  3:03  Roach Warren  
  34  3:05  Overlord  
  33  3:10  Drone  
  34  3:18  Drone x4  
  34  3:19  Drone  
  39  3:24  Drone x3  
  42  3:36  Drone x2  
  42  3:37  Spore Crawler  
  43  3:46  Zergling x4  
  45  3:50  Spore Crawler, Roach  
  45  3:53  Queen  
  45  3:55  Roach  
  50  3:57  Zergling x8  
  54  4:07  Extractor  
  52  4:17  Drone  
  52  4:19  Overlord x2, Baneling Nest  
  52  4:22  Drone x2  
  52  4:23  Drone x2  
  52  4:24  Drone  
  57  4:27  Extractor, Zergling x2  
  57  4:37  Overlord  
  57  4:40  Drone  
  57  4:41  Drone x2  
  60  4:46  Lair  
  60  4:47  Zergling x2  
  60  4:48  Zergling x12  
  65  5:00  Zergling x8  
  64  5:07  Zergling x8  
  64  5:08  Zergling x6  
  64  5:13  Zergling x6  
  68  5:18  Zergling x4  
  65  5:21  Zergling x2  
  65  5:25  Zergling x2  
  60  5:29  Burrow  
  60  5:30  Zergling x4  
  60  5:35  Roach  
  60  5:36  Roach x2  
  62  5:45  Glial Reconstitution  
  62  5:47  Roach x6  
  74  6:01  Overlord x3  
  74  6:10  Overlord x2  
  74  6:14  Overlord  
  74  6:16  Pneumatized Carapace  
  74  6:19  Drone x8  
  74  6:24  Centrifical Hooks  
  82  6:28  Baneling x4  
  82  6:40  Queen  
  84  6:50  Drone x7, Spine Crawler  
  84  6:51  Drone x4  
  84  6:53  Drone x2  
  84  6:54  Drone, Spine Crawler  
  96  7:04  Drone  
  97  7:09  Drone x3, Extractor  
  97  7:13  Extractor, Spore Crawler  
  97  7:14  Extractor  
  96  7:18  Queen  
  98  7:32  Drone x3  
  98  7:33  Drone x2  
  98  7:34  Drone, Hatchery  
  98  7:36  Drone  
  104  7:38  Roach x5  
  104  7:42  Overlord  
  114  8:00  Queen  
  114  8:01  Evolution Chamber  
  114  8:02  Evolution Chamber  
  114  8:06  Roach x4  
  114  8:09  Overlord x2  
  122  8:18  Overseer  
  122  8:20  Overlord  
  122  8:23  Overseer  
  122  8:30  Hydralisk Den  
  121  8:35  Zerg Missile Weapons Level 1, Zerg Ground Armor Level 1  
  121  8:40  Drone, Infestation Pit  
  121  8:45  Overlord  
  121  8:48  Queen  
  123  8:50  Drone x15  
  138  8:56  Roach x3  
  144  9:10  Spore Crawler  
  144  9:11  Drone x3  
  144  9:12  Spine Crawler  
  144  9:14  Spine Crawler  
  144  9:18  Spine Crawler, Hydralisk x5  
  144  9:19  Hydralisk x4, Spore Crawler  
  144  9:21  Overlord x3  
  144  9:22  Spine Crawler  
  159  9:36  Extractor, Drone x2  
  159  9:37  Extractor, Drone  
  160  9:39  Queen  
  162  10:02  Hydralisk x5  
  162  10:03  Hydralisk x6  
  184  10:12  Overlord  
  184  10:13  Overlord x6  
  184  10:19  Spore Crawler  
  184  10:20  Spore Crawler  
  182  10:23  Grooved Spines  
  182  10:24  Spore Crawler  
  182  10:26  Spore Crawler  
  182  10:28  Spore Crawler  
  179  10:29  Spore Crawler  
  179  10:32  Spore Crawler  
  179  10:33  Hive  
  179  10:34  Spore Crawler  
  179  10:35  Spore Crawler  
  175  10:37  Spore Crawler  
  175  10:39  Spore Crawler  
  173  10:44  Spore Crawler  
  172  11:00  Queen  
  172  11:01  Spine Crawler  
  172  11:02  Spine Crawler  
  172  11:03  Spine Crawler, Roach  
  172  11:04  Roach x8  
  189  11:06  Zerg Missile Weapons Level 2  
  189  11:12  Overlord  
  189  11:31  Spore Crawler  
  188  11:34  Spore Crawler  
  188  11:35  Spore Crawler, Muscular Augments  
  188  11:36  Drone x12, Spore Crawler  
  188  11:37  Drone, Spore Crawler  
  197  11:44  Hydralisk  
  199  11:54  Zerg Ground Armor Level 2  
  199  12:01  Lurker Den  
  199  12:04  Overlord  
  198  12:12  Drone x2  
  188  13:09  Zergling x28  
  188  13:10  Zergling x4  
  199  13:19  Adrenal Glands  
  194  13:23  Zerg Melee Weapons Level 1  
  192  13:28  Zergling x2  
  192  13:29  Zergling x14  
  200  13:37  Baneling x2  
  200  13:38  Baneling x29  
  200  13:39  Baneling x11  
  200  13:44  Overlord  
  200  13:48  Overlord  
  200  13:49  Overlord x5  
  200  13:55  Spore Crawler  
  159  14:27  Hydralisk  
  159  14:28  Hydralisk x19  
  199  14:38  Baneling x6  
  199  14:43  Overlord x3  
  199  14:44  Overlord x2  
  185  15:11  Overlord x3  
  182  15:15  Overlord  
  182  15:16  Overseer x2  
  182  15:19  Lurker x3  
  182  15:20  Lurker x9  
  182  15:21  Lurker x5  
  199  15:26  Seismic Spines, Hatchery  
  198  15:33  Overseer  
  198  15:36  Zergling x2  
  198  15:42  Overseer  
  198  16:21  Hydralisk x7  
  198  16:22  Hydralisk  
  198  16:23  Adaptive Talons  
  191  16:30  Zergling x2  
  191  16:31  Zergling x32  
  186  16:49  Zergling x2  
  186  16:50  Zergling x18  
  186  16:53  Hydralisk x2  
  200  17:14  Overlord x5  
  200  17:15  Overlord  
  199  17:18  Spore Crawler  
  199  17:19  Spore Crawler x2  
  199  17:22  Hydralisk x2  
  198  17:23  Spore Crawler x2  
  198  17:42  Hydralisk  
  200  17:49  Spore Crawler  
  199  17:51  Spore Crawler  
  199  17:53  Spine Crawler  
Show
View Real Time Build Order
Export as new Build Order

Pestilenz Protoss - Winner!

Build Orders: 1 Gate Expand, Oracle Opening, Carriers 

Get SALT Encoding   

  12  0:02  Probe (Chrono Boost)  
  13  0:12  Probe (Chrono Boost)  
  14  0:26  Pylon  
  15  0:28  Probe  
  15  0:44  Probe, Gateway  
  16  0:54  Assimilator  
  16  0:56  Probe  
  17  1:08  Probe  
  18  1:21  Probe  
  19  1:28  Nexus  
  19  1:40  Cybernetics Core  
  19  1:41  Probe  
  20  1:53  Probe  
  21  1:58  Assimilator  
  21  2:05  Probe  
  22  2:17  Probe  
  23  2:32  Gateway  
  23  2:39  Probe, Stalker  
  23  2:43  Probe  
  27  2:50  Stargate  
  27  2:51  Probe  
  27  2:55  Probe  
  29  2:58  Shield Battery  
  29  3:03  Probe  
  29  3:04  Pylon  
  30  3:06  Pylon  
  30  3:07  Probe  
  30  3:12  Pylon  
  31  3:16  Probe  
  31  3:19  Probe  
  33  3:34  Protoss Air Weapons Level 1 (Chrono Boost)  
  33  3:41  Oracle (Chrono Boost)  
  36  3:42  Stalker  
  36  3:43  Probe x2  
  40  3:48  Shield Battery  
  40  3:55  Probe x2  
  42  3:59  Shield Battery  
  42  4:01  Shield Battery  
  42  4:02  Shield Battery  
  42  4:13  Forge  
  42  4:14  Probe  
  42  4:15  Probe, Oracle (Chrono Boost)  
  47  4:26  Probe  
  48  4:33  Probe  
  49  4:39  Probe  
  49  4:40  Gateway  
  49  4:41  Gateway  
  49  4:45  Probe, Stargate  
  51  4:50  Pylon  
  48  5:27  Oracle  
  48  5:37  Stalker  
  48  5:39  Warp Gate (Chrono Boost)  
  48  5:41  Stalker  
  48  5:42  Stalker  
  57  6:00  Gateway  
  57  6:02  Gateway  
  57  6:04  Gateway, Assimilator, Protoss Ground Weapons Level 1 (Chrono Boost)  
  57  6:05  Assimilator  
  57  6:06  Twilight Council  
  57  6:09  Probe  
  57  6:10  Probe  
  59  6:21  Probe  
  59  6:22  Probe  
  59  6:23  Nexus  
  61  6:34  Probe x2  
  61  6:46  Probe x2  
  63  6:58  Probe x2  
  65  7:10  Probe x2  
  67  7:20  Pylon  
  67  7:21  Zealot  
  67  7:22  Probe  
  70  7:29  Void Ray x2  
  70  7:31  Pylon x2  
  70  7:35  Probe  
  70  7:36  Pylon  
  79  7:38  Pylon  
  79  7:39  Pylon, Protoss Air Armor Level 1  
  79  7:41  Fleet Beacon  
  79  7:51  Gateway x2  
  79  7:54  Gateway  
  79  7:56  Gateway  
  79  7:58  Photon Cannon  
  79  8:04  Photon Cannon  
  79  8:08  Zealot x2, Pylon  
  79  8:09  Zealot x4  
  79  8:10  Pylon  
  79  8:11  Void Ray x2  
  99  8:34  Assimilator  
  99  8:35  Photon Cannon  
  99  8:39  Photon Cannon  
  99  8:43  Pylon  
  99  8:47  Charge  
  99  8:59  Zealot x6  
  99  9:01  Carrier x2 (Chrono Boost)  
  123  9:10  Protoss Ground Weapons Level 2  
  123  9:21  Stargate  
  123  9:22  Stargate  
  123  9:24  Zealot x4  
  123  9:25  Zealot x2  
  135  9:52  Zealot x2  
  137  9:53  Zealot x4  
  149  10:22  Cybernetics Core  
  147  10:39  Pylon  
  147  10:40  Pylon  
  147  10:46  Photon Cannon  
  147  10:48  Photon Cannon  
  147  10:51  Void Ray  
  147  10:52  Photon Cannon, Assimilator  
  147  10:57  Carrier  
  147  10:58  Carrier  
  163  11:10  Zealot  
  165  11:13  Protoss Air Armor Level 2 (Chrono Boost), Protoss Air Weapons Level 2 (Chrono Boost)  
  165  11:21  Pylon  
  165  11:24  Pylon  
  165  11:29  Pylon  
  162  12:42  Carrier  
  162  12:43  Carrier x2  
  162  12:44  Carrier  
  186  12:46  Zealot  
  164  13:01  Stalker x2  
  164  13:02  Stalker x3  
  127  13:22  Stalker  
  119  13:40  Mothership (Chrono Boost), Stalker x3  
  119  13:41  Stalker  
  127  13:46  Tempest  
  135  13:48  Tempest  
  135  13:49  Tempest  
  150  13:58  Zealot x2  
  154  14:38  Void Ray x3  
  154  14:41  Void Ray, Stalker x2  
  154  14:42  Stalker x4  
  182  15:08  Stalker x3  
  164  15:30  Void Ray  
  164  15:32  Stalker  
  164  15:33  Stalker x5  
  93  17:23  Zealot x3  
  93  17:24  Zealot x3  
  93  17:27  Oracle x4  
  93  17:56  Zealot  
  93  17:57  Zealot x5  
Show
View Real Time Build Order
Export as new Build Order

qqq Zerg 

Build Orders: Hatch First 

Get SALT Encoding   

  12  0:07  Drone  
  12  0:10  Drone  
  14  0:37  Hatchery  
  13  1:03  Spawning Pool, Overlord  
  12  1:06  Drone  
  13  1:27  Drone x3  
  13  1:30  Extractor  
  15  1:40  Drone  
  16  1:53  Drone  
  17  1:56  Queen  
  19  2:06  Drone x2  
  19  2:08  Queen  
  23  2:15  Drone  
  24  2:16  Drone  
  25  2:28  Overlord  
  25  2:29  Extractor  
  24  2:31  Drone x2  
  24  2:35  Zergling x2  
  27  2:41  Metabolic Boost  
  27  2:49  Zergling x2  
  28  2:53  Zergling x2  
  28  2:57  Baneling Nest  
  28  3:00  Drone  
  28  3:01  Zergling x2  
  28  3:02  Zergling x2  
  28  3:04  Zergling x2  
  32  3:13  Zergling x2  
  32  3:14  Zergling x4  
  32  3:18  Overlord  
  35  3:33  Zergling x2  
  36  3:34  Overlord x2  
  36  3:43  Overlord  
  36  3:53  Drone x2, Zergling x2  
  36  3:54  Zergling x4  
  36  3:55  Zergling x2  
  42  3:57  Zergling x2  
  43  4:03  Baneling x2  
  43  4:11  Zergling x4  
  45  4:25  Zergling x2  
  45  4:26  Zergling x4  
  48  4:34  Baneling  
  48  4:35  Baneling  
  44  5:01  Zergling x12  
  47  5:10  Zergling x12  
  47  5:11  Zergling x2  
  49  5:15  Zergling x2  
  42  5:46  Lair  
  42  5:50  Spore Crawler x2  
  42  5:51  Hatchery, Drone x3  
  42  5:52  Hatchery  
  41  5:58  Drone  
  42  6:06  Baneling x2  
  42  6:08  Baneling  
  42  6:09  Drone  
  42  6:10  Drone x3  
  46  6:13  Extractor  
  45  6:23  Drone x2  
  45  6:24  Drone x2  
  49  6:26  Drone  
  49  6:32  Overlord x2  
  50  6:44  Overlord x2  
  50  6:45  Drone x2  
  52  6:54  Drone, Spire  
  52  6:56  Drone  
  53  7:04  Queen  
  53  7:05  Drone  
  53  7:06  Drone  
  53  7:08  Drone  
  58  7:10  Drone  
  58  7:12  Drone  
  58  7:14  Extractor  
  59  7:16  Extractor  
  58  7:25  Drone x4  
  62  7:31  Spore Crawler  
  61  7:39  Spore Crawler  
  60  7:44  Drone  
  60  7:45  Drone x5  
  60  7:47  Overlord x3  
  66  7:57  Drone x2  
  66  7:58  Drone  
  68  8:10  Drone  
  68  8:11  Drone x3, Mutalisk x2  
  68  8:12  Mutalisk x2  
  80  8:14  Mutalisk  
  80  8:18  Zerg Flyer Weapons Level 1  
  82  8:22  Corruptor  
  82  8:24  Drone  
  85  8:33  Drone x4  
  85  8:34  Drone x3  
  92  8:35  Drone  
  93  8:56  Drone x2  
  93  8:57  Drone x2, Mutalisk x3  
  93  8:58  Corruptor  
  105  9:11  Mutalisk x2  
  105  9:12  Spine Crawler x2  
  105  9:13  Spine Crawler  
  105  9:15  Corruptor  
  108  9:17  Drone x3  
  108  9:18  Drone  
  112  9:24  Hatchery  
  112  9:28  Pneumatized Carapace  
  111  9:32  Overseer  
  111  9:42  Extractor x2  
  111  9:43  Drone  
  111  9:44  Drone x3, Corruptor  
  115  10:13  Corruptor x3  
  121  10:15  Drone x6  
  127  10:36  Overlord x5  
  127  10:37  Overlord  
  127  10:38  Zerg Flyer Armor Level 1  
  127  10:47  Infestation Pit  
  126  10:57  Hatchery  
  126  10:59  Drone x4, Evolution Chamber  
  126  11:00  Drone x4, Evolution Chamber, Corruptor  
  126  11:03  Extractor  
  126  11:04  Drone, Extractor  
  132  11:11  Drone  
  132  11:16  Drone x2, Corruptor  
  132  11:17  Corruptor  
  139  11:23  Hatchery  
  138  11:46  Drone x3  
  138  11:47  Drone x6, Corruptor x2  
  143  11:48  Corruptor, Overlord x3  
  146  12:03  Baneling x7  
  146  12:04  Baneling x8  
  146  12:05  Baneling x5  
  146  12:09  Zergling x4  
  146  12:10  Centrifical Hooks  
  146  12:13  Drone  
  146  12:14  Drone x3  
  152  12:20  Spore Crawler  
  151  12:32  Zerg Flyer Weapons Level 2  
  150  12:40  Corruptor  
  150  12:41  Corruptor x4  
  150  12:43  Drone x3  
  163  13:04  Mutalisk x5  
  155  13:26  Mutalisk x4  
  157  13:42  Hive  
  157  13:43  Zerg Melee Weapons Level 1  
  157  13:45  Zergling x8  
  157  13:46  Zergling x8  
  165  14:08  Hatchery, Spine Crawler  
  165  14:09  Spine Crawler  
  162  14:10  Hatchery, Mutalisk x4  
  162  14:11  Spine Crawler, Mutalisk x2  
  162  14:13  Hatchery  
  162  14:14  Hatchery  
  163  14:26  Mutalisk  
  163  14:27  Mutalisk x2  
  163  14:28  Drone x2  
  163  14:29  Drone  
  170  14:37  Spine Crawler  
  170  14:38  Zerg Ground Armor Level 1  
  167  14:58  Mutalisk  
  167  14:59  Mutalisk x3  
  128  15:28  Mutalisk x2  
  128  15:29  Mutalisk x4  
  140  15:45  Mutalisk x3  
  146  15:50  Zergling x14  
  146  15:53  Drone x3  
  156  15:58  Spine Crawler  
  156  15:59  Spine Crawler x2  
  151  16:09  Greater Spire  
  149  16:15  Ultralisk Cavern  
  107  16:40  Zergling x14  
  107  16:41  Drone x3, Zergling x2  
  100  16:58  Zergling x2  
  100  16:59  Zergling x4  
  100  17:00  Zergling x2  
  87  17:15  Ultralisk x3  
  94  17:17  Zergling x2  
  89  17:34  Brood Lord  
  89  17:36  Zergling x6  
  89  17:37  Zergling x2  
  93  17:43  Brood Lord  
  85  17:46  Zergling x4  
Show
View Real Time Build Order
Export as new Build Order

Massa Terran 

Build Orders:  

Get SALT Encoding   

  12  0:00  SCV  
  13  0:12  SCV  
  14  0:24  SCV  
  14  0:25  Supply Depot  
  15  0:47  SCV  
  15  0:48  Barracks  
  16  0:52  Refinery  
  16  0:59  SCV  
  17  1:12  SCV  
  18  1:24  SCV  
  19  1:43  Command Center  
  19  1:47  Orbital Command  
  19  2:03  Barracks, Supply Depot  
  19  2:23  Factory  
  19  2:26  SCV  
  20  2:32  Reaper  
  21  2:38  SCV  
  22  2:51  Marine  
  22  2:53  SCV  
  22  2:55  Barracks  
  22  2:57  Orbital Command  
  24  3:01  Barracks  
  24  3:04  Marine  
  25  3:11  Marine  
  26  3:21  Marine  
  26  3:26  SCV x2  
  29  3:28  Supply Depot  
  29  3:29  Marine  
  30  3:55  Marine x2  
  32  3:56  Barracks Tech Lab  
  32  3:57  Barracks Reactor  
  32  3:59  Widow Mine  
  34  4:12  Marine  
  34  4:13  Marine  
  34  4:15  Marauder  
  38  4:20  Widow Mine  
  40  4:29  Stimpack  
  40  4:30  SCV x2, Marine x2  
  44  4:37  Marauder  
  46  4:40  Engineering Bay  
  46  4:42  Refinery, SCV x2  
  46  4:43  Command Center  
  48  4:47  Marine x2  
  48  4:48  Marine x2  
  52  4:54  SCV x2  
  53  5:01  Marauder  
  53  5:04  Marine  
  48  5:21  Supply Depot  
  48  5:22  Marauder  
  48  5:23  Supply Depot  
  48  5:24  Engineering Bay, Marine, Supply Depot  
  48  5:25  Supply Depot  
  49  5:32  Marine  
  39  5:43  Marauder  
  39  5:45  Marine x2  
  39  5:46  Marine  
  39  5:48  Supply Depot x2  
  42  5:50  Marine  
  42  5:55  Factory Tech Lab  
  43  6:03  Marine x2  
  43  6:05  Marauder  
  43  6:10  Terran Infantry Weapons Level 1  
  45  6:15  Missile Turret  
  45  6:21  Starport  
  45  6:26  Marauder  
  45  6:29  Barracks Reactor  
  47  6:36  Barracks Tech Lab, Missile Turret  
  47  6:38  Refinery  
  47  6:43  SCV x2  
  49  6:48  Marauder  
  51  6:54  Siege Tank  
  51  6:55  SCV x2  
  51  6:57  Missile Turret  
  56  7:01  Refinery  
  56  7:03  Starport Reactor  
  56  7:06  Marine  
  56  7:07  SCV x2, Marine x4  
  63  7:09  Marauder  
  65  7:19  SCV  
  65  7:20  SCV  
  67  7:24  Marine x2  
  67  7:25  Marine  
  67  7:26  Terran Infantry Armor Level 1  
  70  7:31  SCV  
  70  7:32  SCV, Combat Shield  
  72  7:41  SCV  
  72  7:43  SCV  
  72  7:44  SCV  
  75  7:54  Planetary Fortress  
  75  7:55  Missile Turret  
  75  7:56  SCV x2  
  77  8:05  Marauder  
  79  8:06  Marauder, Marine x4  
  87  8:14  Medivac  
  87  8:15  Missile Turret  
  87  8:24  Marine x4  
  87  8:26  Marine  
  92  8:27  Marine  
  92  8:33  Armory  
  93  8:36  Engineering Bay  
  93  8:37  Missile Turret  
  93  8:41  Marine  
  93  8:42  Refinery, Marine x3  
  93  8:43  SCV x3, Marine  
  93  8:44  Refinery  
  93  8:45  Marine  
  102  8:55  SCV x3  
  105  8:56  Command Center  
  105  8:57  Missile Turret  
  105  8:59  Marine x3  
  105  9:00  Marine  
  105  9:02  Marauder  
  111  9:03  Marauder, Siege Tank  
  111  9:07  SCV  
  111  9:09  Neosteel Armor  
  117  9:20  Missile Turret, Supply Depot x2  
  117  9:22  Supply Depot  
  117  9:28  Terran Infantry Armor Level 2, Terran Infantry Weapons Level 2  
  117  9:35  Concussive Shells  
  117  9:41  SCV x3, Marine x5  
  125  9:53  SCV x3, Marauder  
  125  9:55  Thor  
  125  9:59  Marauder, Marine x2  
  140  10:05  SCV  
  141  10:08  SCV x2  
  141  10:13  Factory  
  143  10:19  Supply Depot x3  
  143  10:20  SCV x2  
  145  10:21  Supply Depot  
  145  10:22  Medivac  
  145  10:25  Medivac  
  149  10:38  Thor  
  155  10:45  Supply Depot  
  155  10:46  Terran Vehicle And Ship Armor Level 1, Supply Depot  
  155  10:47  Supply Depot  
  155  10:50  Supply Depot  
  155  10:51  Orbital Command  
  155  10:52  Medivac  
  157  10:58  Missile Turret  
  157  11:02  Missile Turret  
  157  11:05  Sensor Tower  
  157  11:13  Sensor Tower  
  157  11:17  Missile Turret  
  157  11:19  Missile Turret  
  157  11:22  Missile Turret  
  157  11:23  Marauder, Marine x3  
  157  11:24  Marine x2  
  164  11:26  Factory Tech Lab  
  164  11:27  Thor  
  164  11:31  Viking x2  
  174  11:37  Missile Turret  
  174  11:45  Marine x2  
  174  11:46  Marauder x2, Marine  
  181  11:49  SCV  
  181  11:50  SCV x3  
  185  11:57  Missile Turret  
  185  12:01  Viking x2  
  185  12:02  SCV x4  
  185  12:04  Thor  
  199  12:14  SCV  
  172  13:34  Marauder x2  
  172  13:35  Marine x4  
  180  13:47  Command Center  
  180  13:51  Thor x2  
  180  13:53  Marine x4  
  196  13:56  Marauder x2  
  196  14:00  Barracks  
  196  14:01  Barracks  
  196  14:02  Barracks x2, Command Center  
  200  14:04  Barracks  
  200  14:05  Barracks  
  177  14:17  Marauder x2  
  100  14:34  Marine, Thor x2  
  100  14:35  Marine x3  
  114  14:38  Marauder  
  114  14:39  Marauder  
  114  14:44  Terran Infantry Weapons Level 3  
  116  14:48  Terran Vehicle Weapons Level 1  
  116  14:52  Marine x4  
  117  14:55  Barracks Reactor, Barracks Tech Lab  
  117  14:56  Barracks Reactor x2, Barracks Tech Lab x2  
  122  15:00  Marauder x2  
  124  15:10  Marine x4  
  128  15:17  Planetary Fortress  
  128  15:18  Planetary Fortress  
  130  15:21  Marauder x3  
  130  15:22  Marauder x2  
  130  15:27  Marine  
  130  15:28  Marine x3  
  144  15:43  Marauder x5, Marine  
  144  15:44  Marine x4  
  144  15:45  Marine  
  144  15:46  SCV x2  
  161  15:50  SCV  
  132  16:04  Marauder x4  
  132  16:05  Marauder  
  132  16:07  Marine  
  132  16:08  Marine x4  
  132  16:09  Marine x5  
  112  16:15  Medivac x2  
  117  16:25  Marauder  
  117  16:26  Marauder x4  
  117  16:27  Marine x4  
  114  16:37  Siege Tank  
  92  16:41  Marine x2  
  92  16:42  Marine  
  92  16:45  Medivac  
  101  16:47  Marauder x4  
  85  17:13  Marine  
  86  17:16  Marine  
  65  17:33  Marine  
  65  17:34  Marine  
  61  17:51  Marine  
  61  17:52  Marine  
  59  18:05  Barracks  
  59  18:06  Factory x2  
  59  18:07  Barracks  
  59  18:08  Barracks  
Tags
 
Add a new tag
Caveats
  • Supply blocks, unpowered buildings, or Contaminate may cause inaccurate times.
  • Supply counts are checked every 10 seconds.